 Dungeon Crawl Stone Soup version 0.25-a0-435-g4b9beb1024 (webtiles) character file.

Game seed: 14319686945219051372, levelgen mode: classic

13353 EnegeticOcto the Cleaver (level 11, -7/100 HPs)
             Began as a Deep Dwarf Fighter on Jan 27, 2020.
             Was an Elder of Makhleb.
             Mangled by a two-headed ogre
             ... wielding a +0 giant club
              (19 damage)
             ... on level 12 of the Dungeon.
             The game lasted 00:07:29 (8641 turns).

EnegeticOcto the Cleaver (Deep Dwarf Fighter)       Turns: 8641, Time: 00:07:30

Health: -7/100     AC: 19    Str: 22    XL:     11   Next: 74%
Magic:  8/8        EV:  6    Int: 10    God:    Makhleb [****..]
Gold:   2245       SH: 17    Dex: 12    Spells: 10/10 levels left

rFire    + + .     SeeInvis .   y - +0 war axe (venom)
rCold    + . .     Gourm    .   m - +0 large shield
rNeg     . . .     Faith    +   F - +2 plate armour {MR+}
rPois    .         Spirit   .   q - +1 helmet
rElec    .         Reflect  .   s - scarf {rC+ rF+}
rCorr    .         Harm     .   h - +0 pair of gloves
MR       ++...                  (no boots)
Stlth    ..........             w - amulet of faith
HPRegen  0.00/turn              l - ring of protection from fire
MPRegen  0.11/turn              (no ring)

@: lethally poisoned (-7 -> -7), non-regenerating
A: damage resistance, heal wounds, sense surroundings 2, no regeneration
a: Heal Wounds, Minor Destruction, Lesser Servant of Makhleb, Major Destruction,
Renounce Religion


You were on level 12 of the Dungeon.
You worshipped Makhleb.
Makhleb was greatly pleased with you.
You were not hungry.

You visited 2 branches of the dungeon, and saw 13 of its levels.
You also visited: Sewer.

You collected 2862 gold pieces.
You spent 617 gold pieces at shops.

Inventory:

Hand Weapons
 y - a +0 war axe of venom (weapon)
Armour
 h - a +0 pair of gloves (worn)
 m - a +0 large shield (worn)
 q - a +1 helmet (worn)
 s - a scarf of resistance (worn)
 F - a +2 plate armour of magic resistance (worn)
Jewellery
 l - a ring of protection from fire (left hand)
 w - an amulet of faith (around neck)
Wands
 a - a wand of flame (15)
 B - a wand of acid (14)
 D - a wand of iceblast (8)
Scrolls
 b - 2 scrolls of identify {@r1}
 f - 3 scrolls of enchant armour
 o - 4 scrolls of remove curse {@r2}
 u - 5 scrolls of teleportation {@r3}
 G - a scroll of fear
 I - a scroll of enchant weapon
Potions
 c - a potion of heal wounds {@q2}
 d - 3 potions of might {@q3}
 g - 2 potions of degeneration {unknown}
 i - 4 potions of flight
 j - a potion of ambrosia
 k - 2 potions of haste {@q4}
 n - 2 potions of agility {@q5}
 p - 3 potions of resistance
 r - 2 potions of mutation
 t - a potion of brilliance
 v - 2 potions of magic
 x - a potion of lignification {@q6}
 z - 4 potions of curing {@q1}
 A - a potion of berserk rage
 C - 2 potions of cancellation {unknown}
Comestibles
 e - 23 rations


   Skills:
 + Level 7.1 Fighting
 * Level 11.2 Axes
 + Level 8.5 Armour
 + Level 7.6 Dodging
 + Level 8.5 Shields
 * Level 9.9 Invocations


You had 10 spell levels left.
You didn't know any spells.
Your spell library was empty.

Dungeon Overview and Level Annotations

Branches:
Dungeon (12/15)            Temple (1/1) D:7            Lair (0/6) D:8
    Orc (0/2) D:10          Sewer (visited)

Altars:
Ashenzari
Cheibriados
Dithmenos
Elyvilon
Fedhas
Gozag
Hepliaklqana
Kikubaaqudgha
Makhleb
Nemelex Xobeh
Okawaru
Qazlal
Ru
Sif Muna
Trog
Uskayaw
Vehumet
Wu Jian
Xom
Yredelemnul
Zin
The Shining One
Beogh

Shops:
D:6 =   D:9 !   D:11 *


Innate Abilities, Weirdness & Mutations

You are resistant to damage.
You can heal yourself by infusing magical energy.
You passively map the area around you.
You do not regenerate.


Message History

You hit the orc warrior. You hit the orc but do no damage.
The orc is poisoned.
You kill the orc priest!
Makhleb accepts your kill. You block the orc warrior's attack.
You block the two-headed ogre's attack.
The two-headed ogre hits you with a +0 giant spiked club!
You block the troll's attack. The troll claws you.
The troll claws you but does no damage.
Your shield and plate armour prevent you from hitting the two-headed ogre.
The two-headed ogre is heavily wounded.
You closely miss the orc warrior. You slash the hippogriff!
The hippogriff is poisoned.
Your plate armour prevents you from hitting the troll.
You kill the orc!
Makhleb accepts your kill.
You feel better.
A quasit comes into view.
The orc warrior hits you with a +0 hand axe!
The troll closely misses you.
The troll claws you but does no damage. x2
The two-headed ogre closely misses you.
The two-headed ogre hits you but does no damage.
You block the hippogriff's attack. x3
An orc comes into view. It is wielding a +0 falchion.
The quasit moves out of view.
You slash the two-headed ogre!
The two-headed ogre looks as sick as possible!
The two-headed ogre is severely wounded.
You hit the orc warrior but do no damage.
The orc warrior looks as sick as possible!
You slash the hippogriff!
The hippogriff looks as sick as possible!
You closely miss the troll. The troll bites you! You block the troll's attack.
The troll claws you.
The orc warrior hits you with a +0 hand axe.
The hippogriff bites you but does no damage.
The hippogriff pecks you but does no damage.
You block the hippogriff's attack. You block the two-headed ogre's attack.
The two-headed ogre hits you but does no damage.
You hit the two-headed ogre.
The two-headed ogre looks as sick as possible!
The two-headed ogre is severely wounded.
You closely miss the orc warrior. You hit the hippogriff.
You closely miss the troll. You block the troll's attack.
The troll claws you but does no damage. You block the troll's attack.
The orc warrior barely misses you.
The hippogriff bites you but does no damage.
You block the hippogriff's attack. x2
You hit the two-headed ogre but do no damage.
The two-headed ogre looks as sick as possible!
The two-headed ogre is severely wounded.
You hit the orc warrior but do no damage.
You hit the hippogriff.
The hippogriff looks as sick as possible!
Your shield and plate armour prevent you from hitting the troll.
You block the two-headed ogre's attack. x2
The troll bites you but does no damage. You block the troll's attack. x2
An orc comes into view. It is wielding a +0 club.
The orc warrior hits you but does no damage.
The hippogriff bites you. The hippogriff pecks you.
The hippogriff claws you but does no damage.
The orc shouts!
You hit the orc warrior.
You kill the orc warrior!
Makhleb accepts your kill.
You hit the hippogriff.
The hippogriff looks as sick as possible!
You closely miss the troll.
Your shield and plate armour prevent you from hitting the two-headed ogre.
You hear a shout!
You block the troll's attack. x2; The troll claws you.
The two-headed ogre hits you but does no damage.
The two-headed ogre hits you with a +0 giant spiked club!!
* * * LOW HITPOINT WARNING * * *
The hippogriff bites you. The hippogriff barely misses you.
The hippogriff completely misses you.
You are too injured to fight recklessly!
You are too injured to fight recklessly!
You are too injured to fight recklessly!
You are too injured to fight recklessly!
You are too injured to fight recklessly!
You are too injured to fight recklessly!
You are too injured to fight recklessly!
You are too injured to fight recklessly!
You are too injured to fight recklessly!
You are too injured to fight recklessly!
You are too injured to fight recklessly!
You are too injured to fight recklessly!
You barely miss the two-headed ogre.
The two-headed ogre is almost dead.
You hit the troll.
The troll looks as sick as possible!
You closely miss the hippogriff. You hit the orc.
The orc is poisoned.
The troll bites you!
* * * LOW HITPOINT WARNING * * *
The troll claws you. The troll claws you but does no damage.
An orc comes into view. It is wielding a +0 club.
The hippogriff bites you but does no damage.
The hippogriff pecks you.
The hippogriff claws you but does no damage.
You block the orc's attack.
The two-headed ogre hits you with a +0 giant club!!
You die...

#. , , * ##.. ,
,, .##... *
,....#. * ,
#....### #### , ,
#.##...##...## ,
,o#.#..........##
,,,
,..o.o...O†)....#
*
*###...o5o@...?.#
,* #.....H)T....#
, *
##..........##
*,,, #..!.##...##
* *#.....##*####
#.##.# * ###..* ,
* #.#* , *#.*


You could see a two-headed ogre, a hippogriff, a troll, a crimson imp and 4
orcs.

Vanquished Creatures
  A hydra (D:11)
  An unseen horror (D:12)
  Joseph (D:8)
  Maggie (D:7)
  Psyche (D:8)
  A gargoyle (D:10)
  2 komodo dragons
  A queen bee (D:8)
  3 trolls
  Prince Ribbit (D:8)
  2 hippogriffs
  2 wraiths
  6 yaks (D:10)
  2 wyverns
  Grum (D:8)
  Menkaure (D:7)
  An acid dragon (D:11)
  Duvessa (D:7)
  3 ice beasts
  6 orc warriors
  A black bear (D:8)
  2 necrophages
  3 wolves (D:8)
  5 ogres
  5 centaurs
  A phantom (D:11)
  5 sky beasts
  2 big kobolds (D:9)
  4 bullfrogs
  Dowan (D:7)
  A wyvern skeleton (D:7)
  27 killer bees
  8 scorpions
  4 wights (D:10)
  4 howler monkeys
  4 bullfrog zombies
  2 crimson imps
  6 jellies
  14 orc priests
  3 hounds
  9 orc wizards
  2 bullfrog skeletons
  A centaur skeleton (D:4)
  3 iguanas
  Terence (D:2)
  11 worker ants
  A killer bee zombie (D:5)
  A hound skeleton (D:10)
  A hound zombie (D:9)
  4 gnolls (D:7)
  10 adders
  A river rat (D:5)
  7 shadow imps
  2 oozes
  An adder zombie (D:6)
  2 worms
  2 dart slugs
  8 leopard geckos
  27 orcs
  12 bats
  8 giant cockroaches
  10 goblins
  9 hobgoblins
  23 jackals
  6 quokkas
  3 ball pythons (Sewer)
  4 frilled lizards
  A jackal skeleton (D:6)
  26 kobolds
  A quokka skeleton (D:4)
  5 rats
  A plant (D:8)
343 creatures vanquished.

Vanquished Creatures (others)
  2 plants
2 creatures vanquished.

Grand Total: 345 creatures vanquished

Notes
Turn   | Place    | Note
-------+----------+-------------------------------------------
     0 | D:1      | EnegeticOcto the Deep Dwarf Fighter began the quest for the
                  | Orb.
     0 | D:1      | Reached XP level 1. HP: 20/20 MP: 1/1
    55 | D:1      | Reached XP level 2. HP: 21/27 MP: 2/2
   132 | D:1      | Reached XP level 3. HP: 23/33 MP: 3/3
   139 | D:1      | Reached skill level 1 in Dodging
   142 | D:1      | Reached skill level 3 in Axes
   537 | D:2      | Reached XP level 4. HP: 40/42 MP: 3/3
   548 | D:2      | Noticed Terence
   560 | D:2      | Killed Terence
  1153 | D:2      | Reached XP level 5. HP: 34/49 MP: 4/4
  1555 | D:3      | Reached skill level 4 in Axes
  2494 | D:4      | Reached XP level 6. HP: 51/56 MP: 5/5
  2814 | D:5      | Entered Level 5 of the Dungeon
  2820 | D:5      | Noticed a sky beast
  2831 | D:5      | Killed a sky beast
  2850 | D:5      | Reached skill level 5 in Axes
  2890 | D:5      | Reached XP level 7. HP: 26/63 MP: 4/4
  3021 | D:5      | Found a glowing drain.
  3047 | Sewer    | Entered a sewer
  3560 | D:5      | Reached skill level 5 in Armour
  3560 | D:5      | Reached skill level 5 in Shields
  3785 | D:5      | Found a blossoming altar of Fedhas.
  3896 | D:5      | Reached skill level 6 in Axes
  4045 | D:6      | Reached XP level 8. HP: 46/73 MP: 5/5
  4205 | D:6      | Found Zimnif's Jewellery Emporium.
  4274 | D:6      | Reached skill level 7 in Axes
  4520 | D:7      | Found a shimmering blue altar of Sif Muna.
  4574 | D:7      | Found a staircase to the Ecumenical Temple.
  4574 | D:7      | Noticed Menkaure
  4582 | D:7      | Reached skill level 5 in Fighting
  4583 | D:7      | Killed Menkaure
  4602 | Temple   | Entered the Ecumenical Temple
  4660 | Temple   | Became a worshipper of Makhleb the Destroyer
  4708 | D:7      | Gained mutation: You passively map the area around you.
                  | [Deep Dwarf growth]
  4708 | D:7      | Reached XP level 9. HP: 62/81 MP: 4/4
  4711 | D:7      | Reached skill level 1 in Invocations
  4712 | D:7      | Noticed Dowan
  4715 | D:7      | Noticed Duvessa
  4721 | D:7      | Killed Dowan
  4721 | D:7      | Reached skill level 5 in Dodging
  4724 | D:7      | Killed Duvessa
  4744 | D:7      | Noticed Maggie
  4757 | D:7      | Killed Maggie
  4757 | D:7      | Reached skill level 8 in Axes
  4937 | D:7      | Found an opulent altar of Gozag.
  5129 | D:7      | Found an iron altar of Okawaru.
  5246 | D:8      | Noticed Prince Ribbit
  5255 | D:8      | Killed Prince Ribbit
  5304 | D:8      | Noticed Grum
  5316 | D:8      | Killed Grum
  5332 | D:8      | Reached * piety under Makhleb
  5356 | D:8      | Noticed Psyche
  5357 | D:8      | Noticed Joseph
  5370 | D:8      | Killed Psyche
  5370 | D:8      | Reached skill level 9 in Axes
  5370 | D:8      | Reached skill level 5 in Invocations
  5384 | D:8      | Killed Joseph
  5384 | D:8      | Reached XP level 10. HP: 40/91 MP: 7/9
  5837 | D:8      | Noticed a manticore
  5838 | D:8      | Noticed a cyclops
  5839 | D:8      | Noticed a cyclops
  5863 | D:8      | Found a staircase to the Lair.
  6354 | D:9      | Reached ** piety under Makhleb
  6499 | D:9      | Reached skill level 10 in Axes
  6722 | D:9      | Found Caosta's Distillery.
  6946 | D:9      | Found a shadowy altar of Dithmenos.
  7071 | D:10     | Entered Level 10 of the Dungeon
  7097 | D:10     | Noticed a gargoyle
  7107 | D:10     | Killed a gargoyle
  7200 | D:10     | Reached XP level 11. HP: 77/99 MP: 8/8
  7366 | D:10     | Reached *** piety under Makhleb
  7696 | D:10     | Found a staircase to the Orcish Mines.
  7715 | D:10     | Found a roughly hewn altar of Beogh.
  7841 | D:10     | Identified a scroll of acquirement
  7841 | D:10     | Identified the amulet "Gilizxun" {Gourm +Fly rElec Int-2
                  | Dex-5 Stlth+} (You acquired it on level 10 of the Dungeon)
  7884 | D:11     | Reached **** piety under Makhleb
  8238 | D:11     | Found Yshrim's General Store.
  8246 | D:11     | Bought a +2 plate armour of magic resistance for 520 gold
                  | pieces
  8246 | D:11     | Bought a scroll of enchant weapon for 97 gold pieces
  8574 | D:12     | Noticed a four-headed hydra
  8580 | D:12     | Killed an unseen horror
  8580 | D:12     | Reached skill level 11 in Axes
  8606 | D:11     | Killed a six-headed hydra
  8628 | D:12     | Noticed a two-headed ogre
  8641 | D:12     | Mangled by a two-headed ogre

Levels and vault maps discovered:
D:1:      wander_arrival_estate, layout_basic, corner_web_ring,
          minmay_octomino_j4
D:2:      layout_loops_corners, minmay_worlds_worst_comb, uniq_terence
D:3:      layout_loops_ring, st_stairs_13
D:4:      layout_loops_ring, first_ration, patterned_corridor
D:5:      layout_loops_ring, kennysheep_mini_moat, portal_sewer_entry_a
D:6:      layout_basic, serial_shops, shop
D:7:      layout_cave_pools, lemuel_doored_altar, okawaru_altar_gauntlet_db,
          minmay_temple_entry_overgrown, basic_altar, uniq_duvessa,
          uniq_menkaure, uniq_maggie
D:8:      layout_basic, david_lair_shrubbed, david_nohive_1,
          onia_ninara_dug_in_and_dangerous, uniq_joseph, uniq_psyche, uniq_grum,
          uniq_prince_ribbit1
D:9:      layout_long_grid, marbit_many_paths, serial_shops, shop,
          hangedman_decor_slide_cut
D:10:     layout_irregular_city, minmay_orc_entry_temple_large,
          minmay_misc_feat_rows
D:11:     layout_loops_ring, serial_shops, shop
D:12:     layout_rooms, special_room [special_room_orc]
Temple:   compressed_dpeg_circular_temple

Skill      XL: |  1  2  3  4  5  6  7  8  9 10 11 |
---------------+----------------------------------+-----
Fighting       | 3 4 5 6 7 |  7.1
Dodging        | 1 2 3 4 5 6 7 |  7.6
Axes           | 3 4 5 6 7 9 10 11 | 11.2
Shields        | 4 5 6 7 8 |  8.5
Armour         | 4 5 6 7 8 |  8.5
Invocations    | 5 8 9 |  9.9

Action                   |  1- 3 |  4- 6 |  7- 9 | 10-12 || total
-------------------------+-------+-------+-------+-------++-------
Melee: War axe           |    96 |   251 |   381 |   491 ||  1219
 Abil: Heal Wounds       |     1 |     5 |    11 |    15 ||    32
Evoke: Wand              |       |       |       |     6 ||     6
  Use: Scroll            |       |    10 |     4 |     7 ||    21
       Potion            |       |       |       |     3 ||     3
  Eat: Chunk             |       |     7 |     6 |     6 ||    19
       Ration            |       |       |     1 |     2 ||     3
Armor: Scale mail        |    70 |   139 |   106 |    89 ||   404
       Plate armour      |       |       |       |   272 ||   272
Dodge: Dodged            |    56 |    82 |    88 |   196 ||   422
Block: Shield            |    80 |    87 |       |       ||   167
       Large shield      |       |   117 |   333 |   607 ||  1057

Table legend:
 A = Non-vault XP
 B = Vault XP
 C = Vault XP percentage of total XP
 D = Non-vault monster count
 E = Vault monster count
 F = Vault count percentage of total count
                 A         B        C        D         E       F
            +---------+---------+-------+---------+---------+-------
      Total |   13938 |    5139 |  26.9 |     263 |      79 |  23.1
            +---------+---------+-------+---------+---------+-------
        D:1 |      76 |       8 |   9.5 |      39 |       4 |   9.3
        D:2 |      70 |      44 |  38.6 |      13 |       5 |  27.8
        D:3 |      80 |       2 |   2.4 |      18 |       1 |   5.3
        D:4 |     183 |       0 |   0.0 |      14 |       0 |   0.0
        D:5 |     753 |      22 |   2.8 |      16 |       5 |  23.8
        D:6 |    1075 |       0 |   0.0 |      28 |       0 |   0.0
        D:7 |     807 |     858 |  51.5 |      16 |      10 |  38.5
        D:8 |    1077 |    3285 |  75.3 |      15 |      24 |  61.5
        D:9 |    1692 |      11 |   0.6 |      35 |       1 |   2.8
       D:10 |    3143 |     436 |  12.2 |      28 |      13 |  31.7
       D:11 |    3998 |       0 |   0.0 |      34 |       0 |   0.0
       D:12 |     984 |     456 |  31.7 |       7 |       5 |  41.7
      Sewer |       0 |      17 | 100.0 |       0 |      11 | 100.0
            +---------+---------+-------+---------+---------+-------
